 Dungeon Crawl Stone Soup version 0.31-a0-360-gb3e1d13bf4 (webtiles) character file.

Game seed: 10849674989032995328

345 randomguy2701 the Chopper (level 6, -2/55 HPs)
             Began as a Minotaur Fighter on July 27, 2023.
             Slain by an iguana (8 damage)
             ... on level 4 of the Dungeon.
             The game lasted 00:02:36 (2376 turns).

randomguy2701 the Chopper (Minotaur Fighter)        Turns: 2376, Time: 00:02:37

Health: -2/55      AC:  7    Str: 21    XL:     6   Next: 32%
Magic:  5/5        EV: 10    Int:  5    God:
Gold:   157        SH:  5    Dex: 11    Spells: 5/5 levels left

rFire   . . .        a - +0 war axe
rCold   . . .        c - +0 buckler
rNeg    . . .        b - +0 scale mail
rPois   .            (helmet restricted)
rElec   .            (no cloak)
rCorr   .            (no gloves)
SInv    .            (no boots)
Will    .....        (no amulet) Stlth
                     (no ring)
HPRegen 0.29/turn    (no ring)
MPRegen 0.09/turn

%: no passive effects
@: no status effects
A: horns 2, retaliatory headbutt
a: no special abilities


You were on level 4 of the Dungeon.
You visited 1 branch of the dungeon, and saw 4 of its levels.

You collected 157 gold pieces.

Inventory:

Hand Weapons
 a - a +0 war axe (weapon)
Armour
 b - a +0 scale mail (worn)
 c - a +0 buckler (worn)
Jewellery
 p - an amulet of regeneration
Scrolls
 e - 3 scrolls of identify {unknown}
 f - a scroll of revelation {unknown}
 g - a scroll of poison {unknown}
 i - a scroll of vulnerability {unknown}
 j - 2 scrolls of butterflies {unknown}
 l - a scroll of enchant weapon {unknown}
 m - 2 scrolls of fear {unknown}
 q - a scroll of teleportation {unknown}
Potions
 d - 2 potions of might
 h - a potion of brilliance {unknown}
 k - a potion of curing {unknown}
 n - a potion of berserk rage {unknown}
 o - a potion of haste {unknown}
 r - a potion of heal wounds {unknown}


   Skills:
 + Level 4.8 Fighting
 + Level 5.6 Axes
 + Level 5.1 Armour
 + Level 1.4 Dodging
 + Level 4.4 Shields


You had 5 spell levels left.
You didn't know any spells.
Your spell library contained the following spells:

 Spells                   Type           Power      Damage    Failure   Level
 Sublimation of Blood     Necr           0%         N/A       95%         2
 Wereblood                Tmut           0%         N/A       95%         2
 Hailstorm                Conj/Ice       0%         3d3       99%         3
 Animate Dead             Necr           0%         N/A       100%        4
 Summon Ice Beast         Ice/Summ       0%         N/A       100%        4
 Simulacrum               Ice/Necr       0%         N/A       100%        6
 Haunt                    Necr/Summ      0%         N/A       100%        7
 Malign Gateway           Summ/Tloc      0%         N/A       100%        7
 Summon Hydra             Summ           0%         N/A       100%        7
 Infestation              Necr           0%         N/A       100%        8
 Summon Horrible Things   Summ           0%         N/A       100%        8


Dungeon Overview and Level Annotations

Branches:
Dungeon (4/15)
 Temple: D:4-7

Altars:
Yredelemnul


Innate Abilities, Weirdness & Mutations

You have a pair of horns on your head.
You reflexively headbutt those who attack you in melee.


Message History

The adder barely misses you.
You slash the adder!
You kill the adder!
No target in view!
No target in view!
Things that are here:
an adder corpse; a hobgoblin corpse
Found an escape hatch in the ceiling.
An iguana comes into view.
An iguana is nearby!
An iguana comes into view.
The iguana hisses angrily.
You block the iguana's attack.
You barely miss the iguana. The iguana bites you! The iguana barely misses you.
The iguana bites you!
You slash the iguana!
The iguana is almost dead.
You barely miss the iguana. The iguana misses you. You furiously retaliate!
You headbutt the iguana.
You kill the iguana!
The iguana misses you.
You barely miss the iguana. Your headbutt misses the iguana.
The iguana bites you.
You hit the iguana.
The iguana is moderately wounded.
The iguana bites you! x2
You are too injured to fight recklessly!
You are too injured to fight recklessly!
You hit the iguana.
The iguana is heavily wounded.
The iguana bites you.
* * * LOW HITPOINT WARNING * * *
You hit the iguana. Your headbutt misses the iguana.
The iguana is almost dead.
The iguana bites you!
* * * LOW HITPOINT WARNING * * *
You hit the iguana but do no damage.
The iguana is almost dead.
The iguana bites you!
You die...

..##..####..# #.##.<#
##..#####
####.##..###.......#
#.........†.....##.#
.###.##.##..###....#
........##............
.###.##.##.####....>#.#
........##.........## #
####.##@#######......
#....l# ###.####
####.## .# #.# #.# #.#
#.# ...


You could see an iguana.

Vanquished Creatures
  A phantom (D:4)
  An orc priest (D:3)
  An iguana (D:4)
  A sleepcap (D:4)
  An orc wizard (D:3)
  3 gnolls (D:3)
  5 adders
  A worm (D:2)
  A dart slug (D:3)
  9 orcs
  3 ball pythons
  8 endoplasms
  4 giant cockroaches
  6 hobgoblins
  7 jackals (D:1)
  2 quokkas (D:1)
  7 bats
  2 frilled lizards (D:1)
  4 goblins
  5 kobolds
  5 rats
77 creatures vanquished.

Notes
Turn   | Place    | Note
-------+----------+-------------------------------------------
     0 | D:1      | randomguy2701 the Minotaur Fighter began the quest for the
                  | Orb.
     0 | D:1      | Reached XP level 1. HP: 19/19 MP: 0/0
   256 | D:1      | Reached XP level 2. HP: 25/27 MP: 1/1
   363 | D:1      | Reached XP level 3. HP: 23/33 MP: 2/2
  1314 | D:3      | Reached XP level 4. HP: 19/40 MP: 3/3
  1463 | D:3      | Reached skill level 1 in Dodging
  1464 | D:3      | Reached XP level 5. HP: 38/47 MP: 4/4
  1694 | D:3      | Found a basalt altar of Yredelemnul.
  2208 | D:4      | Reached skill level 5 in Axes
  2230 | D:4      | Noticed a phantom
  2237 | D:4      | Killed a phantom
  2238 | D:4      | Reached skill level 5 in Armour
  2238 | D:4      | Reached XP level 6. HP: 52/53 MP: 5/5
  2376 | D:4      | Slain by an iguana

Illustrated notes

Levels and vault maps discovered:
D:1:      spicycebolla_green_bress_n_ham_2, layout_loops_cross
D:2:      layout_basic, serial_bayou_ford_a
D:3:      layout_basic, mainiacjoe_overflow_six_doors_small,
          nicolae_figureground_pulse
D:4:      layout_loops_corners, portal_sewer_entry_e

Skill      XL: |  1  2  3  4  5 |
---------------+----------------+-----
Fighting       | 4 |  4.8
Axes           | 3 4 5 |  5.6
Shields        | 4 |  4.4
Armour         | 4 5 |  5.1
Dodging        | 1 |  1.4

Action                     |  1- 3 |  4- 6 || total
---------------------------+-------+-------++-------
  Melee: War axe           |    91 |    69 ||   160
         Headbutt          |    11 |     9 ||    20
 Armour: Scale mail        |    51 |    25 ||    76
  Dodge: Dodged            |    59 |    36 ||    95
  Block: Buckler           |    17 |     9 ||    26

Table legend: (Time is in decaauts)
 A = Elapsed time spent in this place.
 B = Non-inter-level travel time spent in this place.
 C = Inter-level travel time spent in this place.
 D = Time resting spent in this place.
 E = Time spent auto-exploring this place.
 F = Levels seen in this place.
 G = Mean time per level.
                   A        B        C        D        E       F      G
               +--------+--------+--------+--------+--------+-----+--------+
         Total |   2436 |   2356 |     80 |     71 |   1856 |   4 |  609.0 |
       Dungeon |   2436 |   2356 |     80 |     71 |   1856 |   4 |  609.0 |
               +--------+--------+--------+--------+--------+-----+--------+

Top non-repeatable levels by time:
     D:3: 870 daAuts
     D:1: 759 daAuts
     D:2: 624 daAuts
     D:4: 181 daAuts
